 Dungeon Crawl Stone Soup version 0.29-a0-459-g97dee8cd24 (webtiles) character file.

Game seed: 15074974596075634115

17646 holysushi the Nimble (level 12, -1/72 HPs)
             Began as an Octopode Artificer on May 20, 2022.
             Was an Initiate of Gozag.
             Slain by an eight-headed hydra (3 damage)
             ... on level 3 of the Lair of Beasts.
             The game lasted 00:36:07 (23546 turns).

holysushi the Nimble (Octopode Artificer)          Turns: 23546, Time: 00:36:08

Health: -1/72      AC:  7    Str: 22    XL:     12   Next: 50%
Magic:  15/15      EV: 21    Int: 16    God:    Gozag
Gold:   271        SH:  5    Dex: 18    Spells: 13/16 levels left

rFire   . . .      SeeInvis .   j - +3 rapier (freeze)
rCold   + . .      Faith    .   n - +1 buckler
rNeg    . . .      Spirit   .   w - +2 hat {Int+3}
rPois   .          Reflect  .   (no amulet)
rElec   .          Harm     .   v - ring of protection from cold
rCorr   +          Rampage  .   x - +4 ring of protection
Will    .....                   D - ring of the Republic {rCorr Str+5}
Stlth   +++++.....              F - +6 ring of strength
HPRegen 0.22/turn               (no ring)
MPRegen 0.14/turn               (no ring)
                                (no ring)
                                (no ring)

@: gold aura
A: almost no armour, amphibious, 8 rings, camouflage 1, gelatinous body 1,
(nimble swimmer 1), tentacles
a: Renounce Religion, Potion Petition, Call Merchant, Bribe Branch


You were on level 3 of the Lair of Beasts.
You worshipped Gozag.
Gozag was aware of your devotion.
You visited 3 branches of the dungeon, and saw 14 of its levels.

You collected 2692 gold pieces.
You spent 1073 gold pieces at shops.
You paid 1348 gold pieces to Gozag.

Inventory:

Hand Weapons
 e - a +0 dagger
 j - a +3 rapier of freezing (weapon)
 r - a +1 short sword of freezing
 s - a +4 dagger
 A - a +2 dagger of venom
 H - a +2 short sword of venom
Missiles
 a - 2 throwing nets
Armour
 f - an orb of guile
 l - a +2 hat of stealth
 n - a +1 buckler (worn)
 w - a +2 hat of intelligence (worn)
Jewellery
 v - a ring of protection from cold (left tentacle)
 x - a +4 ring of protection (right tentacle)
 D - the ring of the Republic (on tentacle) {rCorr Str+5}
   (You found it on level 9 of the Dungeon)

   [ring of resist corrosion]

   Str:       It affects your strength (+5).
   rCorr:     It protects you from acid and corrosion.
 F - a +6 ring of strength (on tentacle)
Wands
 b - a wand of flame (9) (quivered)
 d - a wand of iceblast (14)
Scrolls
 i - 2 scrolls of immolation
 k - a scroll of fog
 m - 4 scrolls of identify
 p - 9 scrolls of teleportation
 y - 4 scrolls of amnesia
 z - a scroll of magic mapping
Potions
 c - 3 potions of haste
 h - 2 potions of might
 o - 2 potions of flight
 q - 3 potions of attraction
 t - 5 potions of heal wounds
 u - 2 potions of magic
 B - 3 potions of mutation
 C - 3 potions of brilliance
 E - 2 potions of lignification
 G - a potion of cancellation


   Skills:
 - Level 3.0 Fighting
 + Level 10.6 Short Blades
 * Level 13.6 Dodging
 - Level 8.0 Stealth
 - Level 2.6 Spellcasting
 - Level 5.0 Conjurations
 - Level 5.0 Hexes
 - Level 5.5 Evocations


You had 13 spell levels left.
You knew the following spells:

 Your Spells              Type           Power      Damage    Failure   Level
a - Dazzling Flash        Conj/Hex       36%        N/A       11%         3

Your spell library contained the following spells:

 Spells                   Type           Power      Damage    Failure   Level
 Ensorcelled Hibernation  Hex/Ice        20%        N/A       14%         2
 Passwall                 Tmut/Erth      1%         N/A       38%         2
 Swiftness                Air            2%         N/A       63%         3
 Iskenderun's Mystic Bla  Conj/Tloc      10%        2d4       67%         4
 Leda's Liquefaction      Hex/Erth       5%         N/A       67%         4
 Lee's Rapid Deconstruct  Erth           1%         3d5*      100%        5
 Starburst                Conj/Fire      5%         6d4       100%        6
 Statue Form              Tmut/Erth      1%         N/A       100%        6


Dungeon Overview and Level Annotations

Branches:
Dungeon (10/15)            Temple (1/1) D:6            Lair (3/6) D:10
 Spider (0/4) Lair:2          Orc (0/2) D:10
  Swamp: Lair:2-4    Shoals: Lair:2-4

Altars:
Ashenzari
Cheibriados
Dithmenos
Elyvilon
Fedhas
Gozag
Hepliaklqana
Kikubaaqudgha
Makhleb
Nemelex Xobeh
Okawaru
Qazlal
Ru
Sif Muna
Trog
Uskayaw
Vehumet
Wu Jian
Xom
Yredelemnul
Zin
The Shining One
Beogh

Shops:
D:9 !   D:10 [[(   Lair:2 **

Annotations:
D:3 exclusion: downstairs
D:5 1 runed translucent door, exclusion: door, GayMysterio's ghost, novice GrEE
D:8 6 runed translucent doors, exclusions: 3 doors and downstairs
D:9 exclusion: downstairs


Innate Abilities, Weirdness & Mutations

You cannot wear most types of armour.
You are amphibious.
You can wear up to eight rings at the same time.
Your skin changes colour to match your surroundings (Stealth+).
Your rubbery body absorbs attacks. (AC +1, EV +1)
((You are camouflaged when in or above water. (Stealth+)))
You have tentacles for arms and can constrict up to eight enemies at once.


Message History

Unknown command.
The eight-headed hydra roars!
You hit the eight-headed hydra. You freeze the eight-headed hydra.
The eight-headed hydra is no longer distracted by gold.
The eight-headed hydra is heavily wounded.
The eight-headed hydra barely misses you.
The eight-headed hydra bites you! The eight-headed hydra bites you.
The eight-headed hydra barely misses you.
The eight-headed hydra misses you.
The eight-headed hydra bites you but does no damage.
The eight-headed hydra completely misses you.
The eight-headed hydra closely misses you.
You barely miss the eight-headed hydra.
The eight-headed hydra is heavily wounded.
The blink frog blinks!
The eight-headed hydra bites you.
The eight-headed hydra bites you! x2; The eight-headed hydra misses you.
The eight-headed hydra bites you!
* * * LOW HITPOINT WARNING * * *
The eight-headed hydra barely misses you.
The eight-headed hydra bites you but does no damage.
You block the eight-headed hydra's attack.
Unknown command.
Okay, then.
Unknown command.
Okay, then.
Unknown command.
As you read the scroll of fear, it crumbles to dust.
You assume a fearsome visage.
The eight-headed hydra resists with some effort.
The blink frog looks frightened! x2; The blink frog blinks! x2
The eight-headed hydra misses you. The eight-headed hydra bites you!
* * * LOW HITPOINT WARNING * * *
The eight-headed hydra closely misses you. x2
The eight-headed hydra bites you.
* * * LOW HITPOINT WARNING * * *
The eight-headed hydra bites you but does no damage.
The eight-headed hydra completely misses you.
The eight-headed hydra bites you.
You die...
Your body crumbles into a pile of gold.

♣♣### #.......♣
.....§..♣♣ ♣♣♣.
..>...§..#♣♣# ♣♣♣...
..........#.###♣...#
........§...##.#..#
.................##
..................##
......($.$D@.......#
<..........#.......##
.#....#.#.###.......####
#....#######.#.........#
....# #.#.........##


FPP# ####.........##### .## #.............# #............P# #.........#P..# You
could see an eight-headed hydra.

Vanquished Creatures
  Gastronok (Lair:1)
  A hydra (Lair:1)
  A death yak (Lair:2)
  Pikel (D:8)
  4 black mambas
  3 cane toads
  Joseph (D:7)
  A kobold demonologist (D:10)
  7 komodo dragons
  A hornet (D:8)
  2 trolls
  Prince Ribbit (D:9)
  2 blink frogs (Lair:3)
  3 culicivoras (Lair:2)
  8 yaks
  Sigmund (D:2)
  A wraith (D:10)
  2 wyverns
  A basilisk (Lair:1)
  2 redbacks (D:8)
  Grum (D:8)
  2 steam dragons (D:6)
  Menkaure (D:7)
  Duvessa (D:4)
  9 water moccasins
  4 orc warriors
  A sky beast (D:6)
  A black bear (D:8)
  3 wolves (D:8)
  An ogre (D:5)
  A phantom (D:5)
  2 centaurs
  A lemure (D:8)
  27 kobold brigands
  Blork the orc (D:4)
  2 necrophages
  3 bullfrogs
  2 scorpions
  2 gnoll sergeants
  4 wights (D:6)
  Dowan (D:4)
  3 howler monkeys
  2 hounds
  10 orc priests
  2 jellies
  4 iguanas
  3 hell rats (Lair:1)
  Ijyb (D:4)
  10 orc wizards
  Robin (D:2)
  6 adders
  19 gnolls
  5 river rats (Lair:1)
  A white imp (D:6)
  A worm (D:3)
  8 dart slugs
  42 orcs
  9 ball pythons
  3 bats
  A bat zombie (D:3)
  8 endoplasms
  5 giant cockroaches
  11 goblins
  6 hobgoblins
  4 jackals (D:2)
  42 kobolds
  3 quokkas
  4 frilled lizards
  14 rats
342 creatures vanquished.

Vanquished Creatures (collateral kills)
  A gnoll (D:4)
  7 orcs (D:7)
  A hobgoblin (D:2)
  2 jackals (D:4)
11 creatures vanquished.

Vanquished Creatures (others)
  4 gnolls
  8 fungi
  22 plants
34 creatures vanquished.

Grand Total: 387 creatures vanquished

Notes
Turn   | Place    | Note
-------+----------+-------------------------------------------
     0 | D:1      | holysushi the Octopode Artificer began the quest for the
                  | Orb.
     0 | D:1      | Reached XP level 1. HP: 13/13 MP: 1/1
   149 | D:1      | Reached XP level 2. HP: 5/18 MP: 2/2
   609 | D:1      | Reached XP level 3. HP: 21/23 MP: 3/3
   651 | D:1      | Reached skill level 1 in Short Blades
  1167 | D:2      | Reached XP level 4. HP: 18/28 MP: 4/4
  1619 | D:2      | Noticed Robin
  1626 | D:2      | Killed Robin
  1775 | D:2      | Found a shimmering blue altar of Sif Muna.
  1930 | D:2      | Reached XP level 5. HP: 25/33 MP: 5/5
  2106 | D:2      | Noticed Sigmund
  2122 | D:2      | Your ally Sigmund died
  3319 | D:3      | Found an ancient bone altar of Kikubaaqudgha.
  3599 | D:4      | Noticed Dowan
  3600 | D:4      | Noticed Duvessa
  3612 | D:4      | Killed Dowan
  3613 | D:4      | Reached skill level 3 in Dodging
  3613 | D:4      | Reached XP level 6. HP: 7/39 MP: 6/6
  4160 | D:4      | Found an opulent altar of Gozag.
  4175 | D:4      | Became a worshipper of Gozag Ym Sagoz the Greedy
  4192 | D:4      | Noticed Blork the orc
  4197 | D:4      | Killed Blork the orc
  4198 | D:4      | Reached skill level 5 in Short Blades
  4570 | D:4      | Noticed Ijyb
  4573 | D:4      | Killed Ijyb
  4574 | D:4      | Reached XP level 7. HP: 45/45 MP: 7/7
  4589 | D:4      | Found a blossoming altar of Fedhas.
  4788 | D:4      | Killed Duvessa
  5495 | D:5      | Entered Level 5 of the Dungeon
  6040 | D:5      | Found a broken altar of Ashenzari.
  6125 | D:5      | Reached skill level 4 in Dodging
  6125 | D:5      | Reached XP level 8. HP: 52/52 MP: 8/8
  6225 | D:5      | Found a runed translucent door.
  6225 | D:5      | Noticed GayMysterio's ghost (novice GrEE)
  6253 | D:5      | Found a bloodstained altar of Trog.
  6312 | D:5      | Reached skill level 5 in Evocations
  7413 | D:6      | Found a staircase to the Ecumenical Temple.
  7420 | Temple   | Entered the Ecumenical Temple
  8067 | D:6      | Reached skill level 5 in Dodging
  8741 | D:6      | Reached XP level 9. HP: 37/56 MP: 9/9
  9250 | D:7      | Noticed Joseph
  9285 | D:7      | Found an iron altar of Okawaru.
  9318 | D:7      | Killed Joseph
  9319 | D:7      | Reached skill level 6 in Dodging
  9636 | D:7      | Learned a level 3 spell: Dazzling Flash
  9728 | D:7      | Reached skill level 1 in Conjurations
  9728 | D:7      | Reached skill level 1 in Hexes
  9827 | D:7      | Noticed Menkaure
  9830 | D:7      | Killed Menkaure
 10159 | D:6      | Reached skill level 7 in Dodging
 10647 | D:8      | Found a glowing golden altar of the Shining One.
 11133 | D:8      | Found a runed translucent door.
 11263 | D:8      | Found a runed translucent gate.
 11263 | D:8      | Found a runed translucent gate.
 11263 | D:8      | Found a runed translucent gate.
 11263 | D:8      | Found a runed translucent gate.
 11263 | D:8      | Found a runed translucent gate.
 11263 | D:8      | Noticed a lindwurm
 11263 | D:8      | Noticed a boulder beetle
 11264 | D:8      | Found a runed translucent gate.
 11264 | D:8      | Noticed a boulder beetle
 11608 | D:7      | Reached XP level 10. HP: 63/63 MP: 10/10
 11739 | D:8      | Found a stormy altar of Qazlal.
 11825 | D:8      | Reached skill level 5 in Stealth
 11870 | D:8      | Reached skill level 8 in Dodging
 12319 | D:8      | Noticed Grum
 12964 | D:8      | Found a sacrificial altar of Ru.
 13148 | D:8      | Found a glowing golden altar of the Shining One.
 13223 | D:8      | Found a stormy altar of Qazlal.
 13266 | D:8      | Killed Grum
 13713 | D:8      | Found a sacrificial altar of Ru.
 13802 | D:8      | Found a runed translucent gate.
 13802 | D:8      | Found a runed translucent gate.
 13802 | D:8      | Found a runed translucent gate.
 13802 | D:8      | Found a runed translucent gate.
 13803 | D:8      | Found a runed translucent gate.
 13804 | D:8      | Found a runed translucent gate.
 14463 | D:9      | Reached skill level 9 in Dodging
 14478 | D:10     | Entered Level 10 of the Dungeon
 14478 | D:10     | Found Xozuchi's Armour Emporium.
 14997 | D:9      | Identified the ring of the Republic {rCorr Str+5}
 14999 | D:9      | Found Receghah's Distillery.
 15018 | D:9      | Bought 2 potions of mutation for 224 gold pieces
 15018 | D:9      | Bought a potion of lignification for 42 gold pieces
 15018 | D:9      | Bought a potion of berserk rage for 70 gold pieces
 15018 | D:9      | Bought a potion of haste for 140 gold pieces
 15018 | D:9      | Bought a potion of curing for 42 gold pieces
 15041 | D:9      | Noticed Prince Ribbit
 15058 | D:9      | Killed Prince Ribbit
 15059 | D:9      | Reached skill level 10 in Dodging
 15440 | D:9      | Noticed Pikel
 15827 | D:8      | Killed Pikel
 16355 | D:10     | Found a staircase to the Orcish Mines.
 16374 | D:9      | Reached XP level 11. HP: 52/67 MP: 11/11
 16454 | D:9      | Reached skill level 11 in Dodging
 16625 | D:10     | Found a hide-covered altar of Uskayaw.
 16625 | D:10     | Noticed a +0 dagger
 16626 | D:10     | Noticed a +0 dagger
 16818 | D:10     | Found a staircase to the Lair.
 17588 | D:10     | Found Gedwem's Antique Armour Emporium.
 17790 | D:10     | Found Qebeqaleto's Antique Weapon Shop.
 18737 | D:10     | Reached skill level 12 in Dodging
 18966 | Lair:1   | Entered Level 1 of the Lair of Beasts
 19052 | Lair:1   | Noticed an eight-headed hydra
 19064 | Lair:1   | Killed an eight-headed hydra
 19770 | Lair:1   | Reached skill level 1 in Spellcasting
 19774 | Lair:1   | Noticed Gastronok
 19828 | Lair:1   | Killed Gastronok
 19829 | Lair:1   | Reached skill level 10 in Short Blades
 19829 | Lair:1   | Reached XP level 12. HP: 72/72 MP: 12/14
 20643 | Lair:2   | Reached skill level 13 in Dodging
 20690 | Lair:2   | Reached skill level 5 in Conjurations
 20732 | Lair:2   | Noticed a death yak
 20737 | Lair:2   | Noticed a death yak
 20737 | Lair:2   | Noticed a death yak
 20740 | Lair:2   | Killed a death yak
 20741 | Lair:2   | Reached skill level 5 in Hexes
 21357 | Lair:2   | Found a hole to the Spider Nest.
 22248 | Lair:2   | Bought a scratched pearl ring for 120 gold pieces
 22250 | Lair:2   | Bought a potion of heal wounds for 75 gold pieces
 22250 | Lair:2   | Bought a wand of iceblast (5) for 135 gold pieces
 22250 | Lair:2   | Bought a potion of might for 60 gold pieces
 22250 | Lair:2   | Bought a wand of iceblast (7) for 165 gold pieces
 22482 | Lair:2   | Found Vokhliju's Assorted Antiques.
 22484 | Lair:2   | Found Seines's General Store.
 22689 | Lair:2   | Found a hole to the Spider Nest.
 23535 | Lair:3   | Noticed an eight-headed hydra
 23546 | Lair:3   | HP: 2/72 [eight-headed hydra (3)]
 23546 | Lair:3   | Slain by an eight-headed hydra

Illustrated notes

Levels and vault maps discovered:
D:1:      psy_arrival_basics, layout_rooms, st_stairs_14,
          minmay_misc_feat_diagonals, corexii_leaking_fountain,
          nicolae_concentric_dashed_squares_mild
D:2:      layout_loops_ring, basic_altar, wad_orctagon, uniq_sigmund, uniq_robin
D:3:      layout_basic, lemuel_zombie_altar_kikubaaqudgha
D:4:      layout_loops_ring, mainiacjoe_overflow_paths,
          nicolae_overflow_crystal_walls, uniq_duvessa, uniq_blork_the_orc,
          uniq_ijyb
D:5:      layout_loops_ring, mainiacjoe_overflow_catwalk_spiral,
          gammafunk_ghost_grave
D:6:      layout_gridville, minmay_temple_entry_proselytizer
D:7:      layout_rooms, overflow_temple_1_default, uniq_menkaure, uniq_joseph
D:8:      gammafunk_indiana_jones, layout_cave_pools,
          nicolae_qazlal_style_of_elements, tso_oasis_becter, marbit_many_paths,
          uniq_grum
D:9:      layout_loops_ring, serial_shops, nicolae_shop_window_shopping,
          minivault_24, uniq_prince_ribbit1, uniq_pikel
D:10:     layout_roguey [special_room_kobold], dancing_weapons_uskayaw,
          david_lair_shrubbed, minmay_orc_entry_temple_small, serial_shops,
          nicolae_shop_behind_doors, nicolae_shop_statue_plus,
          nicolae_shop_competitors_out_of_business
Temple:   minmay_temple_bridge_abc
Lair:1:   layout_regular_city, eino_small_chamber_without_monster,
          kennysheep_abandoned_house, lemuel_fruit_tree,
          infiniplex_staircase_pool_2, lemuel_fruit_fields, uniq_gastronok
Lair:2:   layout_regular_city, hellmonk_spider_entry_life_and_decay
Lair:3:   layout_cave_pods, palyth_hydra_swamp_entry, serial_bayou_crossing,
          lemuel_fruit_fields

Skill      XL: |  1  2  3  4  5  6  7  8  9 10 11 12 |
---------------+-------------------------------------+-----
Stealth        | 2 3 4 5 8 |  8.0
Short Blades   | 2 3 4 5 6 8 10 | 10.6
Fighting       | 2 3 |  3.0
Dodging        | 3 4 5 7 10 12 13 | 13.6
Evocations     | 4 5 |  5.5
Conjurations   | 2 4 5 |  5.0
Hexes          | 2 4 5 |  5.0
Spellcasting   | 1 2 |  2.6

Action                   |  1- 3 |  4- 6 |  7- 9 | 10-12 || total
-------------------------+-------+-------+-------+-------++-------
Melee: Unarmed           |    22 |       |       |       ||    22
       Tentacles         |    14 |    37 |    76 |   195 ||   322
       Constrict         |    13 |    33 |    44 |   102 ||   192
       Dagger            |    53 |    98 |   228 |   212 ||   591
       Punch             |     1 |     2 |     6 |    14 ||    23
       Short sword       |       |    40 |    26 |   279 ||   345
       Rapier            |       |       |       |   146 ||   146
 Cast: Dazzling Flash    |       |       |       |    18 ||    18
Invok: Call Merchant     |       |       |       |     2 ||     2
Evoke: Wand              |     4 |    20 |    33 |    19 ||    76
  Use: Scroll            |       |       |    20 |    10 ||    30
       Potion            |       |       |     5 |     7 ||    12
 Stab: Sleeping          |    10 |     9 |    16 |    11 ||    46
       Betrayed ally     |       |     1 |       |       ||     1
       Distracted        |       |     1 |       |     6 ||     7
       Invisible         |       |       |       |     9 ||     9
Armor: Skin              |     1 |     6 |     4 |    34 ||    45
Dodge: Dodged            |    47 |    62 |    87 |   345 ||   541
Block: Buckler           |       |       |       |    32 ||    32

Table legend: (Time is in decaauts)
 A = Elapsed time spent in this place.
 B = Non-inter-level travel time spent in this place.
 C = Inter-level travel time spent in this place.
 D = Time resting spent in this place.
 E = Time spent auto-exploring this place.
 F = Levels seen in this place.
 G = Mean time per level.
                   A        B        C        D        E       F      G
               +--------+--------+--------+--------+--------+-----+--------+
         Total |  23199 |  22485 |    714 |   9817 |   7945 |  14 | 1657.1 |
       Dungeon |  17922 |  17286 |    636 |   7733 |   5699 |  10 | 1792.2 |
        Temple |    741 |    740 |      1 |    587 |    100 |   1 |  741.0 |
          Lair |   4536 |   4461 |     75 |   1496 |   2146 |   3 | 1512.0 |
               +--------+--------+--------+--------+--------+-----+--------+

Top non-repeatable levels by time:
     D:8: 2907 daAuts
    D:10: 2552 daAuts
     D:9: 2105 daAuts
  Lair:2: 2046 daAuts
  Lair:1: 1898 daAuts
     D:6: 1750 daAuts
     D:2: 1595 daAuts
     D:7: 1586 daAuts
     D:5: 1554 daAuts
     D:4: 1474 daAuts
     D:3: 1408 daAuts
     D:1: 988 daAuts
  Temple: 741 daAuts
  Lair:3: 590 daAuts
